 Dungeon Crawl Stone Soup version 0.23-b1-3-gdda8187 (console) character file.

Game seed: 411372976227922272

257156 erker the Spry (level 19, -14/179 HPs)
             Began as a Minotaur Monk on Jan 31, 2019.
             Was the Champion of Dithmenos.
             Demolished by an imperial myrmidon
             ... wielding a +0 scimitar
              (30 damage)
             ... in the Desolation of Salt.
             The game lasted 03:07:48 (35058 turns).

erker the Spry (Minotaur Monk)                     Turns: 35058, Time: 03:07:48

Health: -14/179    AC: 15    Str: 23    XL:     19   Next: 9%
Magic:  21/21      EV: 25    Int: 11    God:    Dithmenos [******]
Gold:   3711       SH:  0    Dex: 14    Spells: 18/18 levels left

rFire    + . .     SeeInvis .   P - +5 scimitar (vamp)
rCold    . . .     Gourm    +   b - +0 buckler
rNeg     . . .     Faith    .   f - +2 scale mail {rF+}
rPois    .         Spirit   .   (helmet restricted)
rElec    .         Reflect  .   s - scarf {repulsion}
rCorr    .         Harm     .   A - +0 pair of gloves
MR       +....                  V - +1 pair of boots
Stlth    +.........             B - amulet of the gourmand
HPRegen  0.39/turn              D - ring "Xiamuweg" {EV+4 Int+4}
MPRegen  0.17/turn              E - +5 ring of slaying

@: confused, wreathed by umbra, drained, repel missiles
A: retaliatory headbutt, horns 2
}: 2/15 runes: decaying, serpentine
a: Shadow Step, Shadow Form, Renounce Religion


You were in the Desolation of Salt.
You worshipped Dithmenos.
Dithmenos was exalted by your worship.
You were completely stuffed.

You visited 7 branches of the dungeon, and saw 33 of its levels.
You visited 1 bazaar.
You also visited: Desolation.

You collected 3873 gold pieces.
You spent 162 gold pieces at shops.

Inventory:

Hand Weapons
 a - the +11 falchion of Fixation {freeze, rElec rF+}
   (You took it off a centaur warrior on level 10 of the Dungeon)

   It has been specially enchanted to freeze those struck by it, causing extra
   injury to most foes and up to half again as much damage against particularly
   susceptible opponents.
   It can also slow down cold-blooded creatures.
   It protects you from fire.
   It insulates you from electricity.
 H - a +0 triple crossbow of freezing
 K - a +2 scimitar of flaming
 L - a +4 arbalest of freezing
 P - a +5 vampiric scimitar (weapon)
Missiles
 q - 205 bolts
 r - 307 arrows
 T - a throwing net (quivered)
Armour
 b - a +0 buckler (worn)
 f - a +2 scale mail of fire resistance (worn)
 k - +0 swamp dragon scales
 s - a scarf of repulsion (worn)
 v - a +2 large shield of reflection
 y - a +1 troll leather armour {Snorg}
 A - a +0 pair of gloves (worn)
 V - a +1 pair of boots (worn)
Jewellery
 t - an uncursed ring of poison resistance
 z - the ring of the Butterfly {*Tele rPois rC+}
   (You took it off a centaur warrior on level 10 of the Dungeon)

   [ring of teleportation]

   It may teleport you next to monsters.
   It protects you from cold.
   It protects you from poison.
 B - an amulet of the gourmand (around neck)
 C - an uncursed ring of stealth
 D - the ring "Xiamuweg" (left hand) {EV+4 Int+4}
   (You found it on level 15 of the Dungeon)

   [ring of evasion]

   It affects your evasion (+4).
   It affects your intelligence (+4).
 E - a +5 ring of slaying (right hand)
 I - a +3 amulet of reflection
 M - the ring "Mivadi" {Wiz *Corrode rF+ Dex+4 Stlth+}
   (You found it in the Desolation of Salt)

   [ring of wizardry]

   It improves your spell success rate.
   It affects your dexterity (+4).
   It protects you from fire.
   It may corrode you when you take damage.
   It makes you more stealthy.
 R - an uncursed ring of protection from cold
Wands
 e - a wand of scattershot (4)
 n - a wand of flame (71)
 u - a wand of iceblast (59)
 w - a wand of polymorph (40)
 x - a wand of random effects (74)
 F - a wand of acid (29)
 G - a wand of disintegration (50)
 J - a wand of paralysis (20)
 N - a wand of digging (5)
 W - a wand of enslavement (25)
Scrolls
 g - 34 scrolls of identify
 h - a scroll of fear
 i - 6 scrolls of teleportation
 j - 14 scrolls of remove curse
 l - a scroll of enchant armour
 p - 2 scrolls of magic mapping
 Y - 2 scrolls of fog
Potions
 m - 7 potions of curing
 o - 3 potions of haste
 U - a potion of might
Miscellaneous
 Z - a lightning rod (4/4)
Comestibles
 c - 57 rations
 d - a chunk of flesh


   Skills:
 + Level 18.0(17.1) Fighting
 * Level 19.3(18.4) Long Blades
 + Level 2.2(1.6) Crossbows
 + Level 13.4(12.6) Armour
 * Level 19.4(18.5) Dodging
 + Level 12.5(11.7) Stealth
 - Level 4.0(3.4) Shields
 - Level 5.0(4.3) Invocations
 - Level 5.0(4.4) Evocations


You had 18 spell levels left.
You didn't know any spells.
Your spell library contained the following spells:

 Spells                   Type           Power        Failure   Level  Hunger
 Animate Skeleton         Necr           N/A          61%         1    ##.....
 Beastly Appendage        Tmut           #.....       61%         1    ##.....
 Confusing Touch          Hex            #.....       61%         1    ##.....
 Flame Tongue             Conj/Fire      #....        61%         1    ##.....
 Infusion                 Chrm           #...         61%         1    ##.....
 Pain                     Necr           #...         61%         1    ##.....
 Summon Small Mammal      Summ           #...         61%         1    ##.....
 Call Imp                 Summ           #.......     75%         2    ###....
 Poisonous Vapours        Pois/Air       #.....       75%         2    ###....
 Sticks to Snakes         Tmut           #.......     75%         2    ###....
 Throw Flame              Conj/Fire      #.....       75%         2    ###....
 Call Canine Familiar     Summ           #.......     93%         3    ####...
 Confuse                  Hex            #.......     93%         3    ####...
 Conjure Flame            Conj/Fire      #.......     93%         3    ####...
 Gell's Gravitas          Tloc           #.........   93%         3    ####...
 Ignite Poison            Fire/Tmut/Pois #.......     93%         3    ####...
 Inner Flame              Hex/Fire       #.......     93%         3    ####...
 Mephitic Cloud           Conj/Pois/Air  #.......     93%         3    ####...
 Regeneration             Chrm/Necr      #.........   93%         3    ####...
 Spider Form              Tmut/Pois      #.........   93%         3    ####...
 Summon Guardian Golem    Hex/Summ       #.......     93%         3    ####...
 Vampiric Draining        Necr           #.........   93%         3    ####...
 Animate Dead             Necr           N/A          100%        4    #####..
 Cause Fear               Hex            #.........   100%        4    #####..
 Ice Form                 Ice/Tmut       #.......     100%        4    #####..
 Olgreb's Toxic Radiance  Pois           #.......     100%        4    #####..
 Petrify                  Tmut/Erth      #.......     100%        4    #####..
 Sticky Flame             Conj/Fire      #.......     100%        4    #####..
 Summon Ice Beast         Ice/Summ       #.......     100%        4    #####..
 Summon Lightning Spire   Summ/Air       #.......     100%        4    #####..
 Blade Hands              Tmut           #.........   100%        5    ######.
 Fireball                 Conj/Fire      #.........   100%        5    ######.
 Lightning Bolt           Conj/Air       #.........   100%        5    ######.
 Metabolic Englaciation   Hex/Ice        #.........   100%        5    ######.
 Silence                  Hex/Air        #.........   100%        5    ######.
 Summon Mana Viper        Hex/Summ       #.......     100%        5    ######.
 Yara's Violent Unravell  Hex/Tmut       #.........   100%        5    ######.
 Bolt of Cold             Conj/Ice       #.........   100%        6    #######
 Deflect Missiles         Chrm/Air       #.........   100%        6    #######
 Freezing Cloud           Conj/Ice/Air   #.........   100%        6    #######
 Ozocubu's Refrigeration  Ice            #.........   100%        6    #######
 Simulacrum               Ice/Necr       #.........   100%        6    #######
 Ring of Flames           Chrm/Fire      #.........   100%        7    #######
 Summon Hydra             Summ           #.........   100%        7    #######
 Discord                  Hex            #.........   100%        8    #######
 Dragon's Call            Summ           #.........   100%        9    #######


Dungeon Overview and Level Annotations

Branches:
Dungeon (15/15)            Temple (1/1) D:6            Lair (6/6) D:10
  Swamp (4/4) Lair:2        Snake (4/4) Lair:4        Slime (0/5) Lair:5
    Orc (2/2) D:9             Elf (0/3) Orc:2        Vaults (1/5) D:13
 Depths (0/5) D:15

Altars:
Ashenzari
Cheibriados
Dithmenos
Elyvilon
Fedhas
Gozag
Hepliaklqana
Kikubaaqudgha
Makhleb
Nemelex Xobeh
Okawaru
Qazlal
Ru
Sif Muna
Trog
Uskayaw
Vehumet
Wu Jian
Xom
Yredelemnul
Zin
The Shining One
Beogh
Jiyva

Shops:
D:5 *   D:6 :   D:7 %   D:12 :   D:14 *   D:15 *   Orc:2 }((=

Annotations:
D:3 3 runed translucent doors, Hylith's ghost, amateur HOFi


Innate Abilities, Weirdness & Mutations

You reflexively headbutt those who attack you in melee.
You have a pair of horns on your head.


Message History

The imperial myrmidon casts a spell at you.
You are confused.
The peacekeeper bites you but does no damage.
The peacekeeper barely misses you. The halazid warlock misses you.
The saltling barely misses you. x2
You completely miss the saltling. You headbutt the saltling.
The saltling is heavily damaged.
The saltling hits you.
* * * LOW HITPOINT WARNING * * *
The imperial myrmidon gestures at you while chanting.
You resist with significant effort.
The peacekeeper completely misses you. x2
The halazid warlock completely misses you.
The saltling misses you.
You slash the halazid warlock!
The halazid warlock is severely damaged.
The saltling misses you. The peacekeeper bites you.
* * * LOW HITPOINT WARNING * * *
The peacekeeper barely misses you. The saltling misses you.
The imperial myrmidon hits you with a +0 scimitar!!
You die...

#...§§§§§§§§§§ ##
[##..§.§§§§§§§§ .
.)#.§.§§§§§§§§§ #.
.##...§.§§§§§§§ ##.#
#.##.§.§§.§§§§§.
#...##...#..§§§§§§§§.§
#.§§§§§##..§.§§§.§..§
#§L8p##.....§.§§.§§.
#8@##§8.§.....§§...
......88§§.§§..§........
......8§§§§§§§§.........
......§.§§§§§§§§........
.....§§§§§§§§§§.§.......
...##§§§§§§ §§ §........
... §§ ......... .. §
.....#... .. ....#....


You could see an imperial myrmidon, a halazid warlock, a peacekeeper and 4
saltlings.

Vanquished Creatures
  Vashnia (Snake:2)
  Rupert (Lair:6)
  2 thorn hunters (Swamp:3)
  Agnes (Snake:2)
  7 nagarajas
  A fire giant (D:15)
  Louise (D:15)
  An imperial myrmidon (Desolation)
  A very ugly thing (Swamp:1)
  Azrael (Snake:1)
  The ghost of Siddir the Blocker, a journeyman MiBe of Trog (Snake:4)
  3 crystal guardians (Desolation)
  Snorg (Lair:3)
  A yaktaur captain (Vaults:1)
  6 ragged hierophants (Desolation)
  26 hydras
  14 naga warriors
  12 servants of whispers
  2 peacekeepers (Desolation)
  2 catoblepae
  7 anacondas
  4 shambling mangroves
  2 ogre magi
  20 alligators
  4 centaur warriors
  2 dancing weapons (D:13)
  12 two-headed ogres
  3 tengu warriors
  4 death yaks (Lair:2)
  6 orc high priests (Orc:2)
  4 shock serpents
  20 naga sharpshooters
  2 spriggans
  Sonja (Lair:3)
  5 skeletal warriors (D:14)
  5 unseen horrors
  3 spriggan druids (Swamp:4)
  7 naga ritualists
  10 swamp dragons
  4 ironbrand convokers
  2 orc sorcerers (Orc:2)
  3 lindwurms (Swamp:4)
  3 harpies (D:13)
  3 mana vipers
  A deep elf mage (D:10)
  2 orc knights
  4 manticores
  15 ugly things
  8 elephants (Lair:5)
  Maurice (D:8)
  7 salamanders
  4 cyclopes
  7 guardian serpents
  38 black mambas
  4 gargoyles
  24 naga magi
  27 spiny frogs
  11 komodo dragons
  An efreet (D:15)
  A kobold demonologist (D:14)
  A yaktaur (D:15)
  A tengu conjurer (D:13)
  A polar bear (Lair:6)
  16 tyrant leeches
  3 meliai (D:15)
  11 trolls
  46 saltlings
  5 dream sheep (Lair:6)
  15 hornets
  30 blink frogs
  7 bog bodies
  16 slime creatures
  10 hippogriffs
  5 shadows
  2 wyverns
  5 wraiths
  2 fire elementals (Snake:1)
  3 humans
  A hog (shapeshifter) (D:15)
  33 yaks
  4 hogs (D:7)
  2 hungry ghosts
  A steam dragon (D:8)
  5 basilisks
  3 wargs (Orc:2)
  12 insubstantial wisps
  33 vampire mosquitoes
  17 swamp worms
  45 nagas
  27 water moccasins
  4 hell hounds (Snake:1)
  3 acid dragons
  10 porcupines
  A black bear (D:10)
  15 orc warriors
  4 sky beasts
  5 ice beasts
  8 swamp drakes
  2 eyes of draining
  A necrophage (D:11)
  5 phantoms
  10 wolves
  17 ogres
  10 centaurs
  10 crocodiles
  4 big kobolds
  32 bullfrogs
  A gnoll sergeant (D:11)
  5 scorpions
  5 killer bees (D:10)
  A troll skeleton (D:10)
  4 wights (D:11)
  2 spriggan skeletons (D:10)
  2 electric eels (Lair:6)
  A howler monkey (D:10)
  14 crimson imps
  A bullfrog zombie (D:11)
  A quasit (D:13)
  8 hounds
  5 centaur zombies
  8 centaur skeletons
  3 jellies
  3 bullfrog skeletons
  36 orc priests
  Jessica (D:6)
  5 iguanas
  4 hell rats (Lair:6)
  13 orc wizards
  7 worker ants
  A hound zombie (D:9)
  A hound skeleton (D:11)
  8 gnolls
  A howler monkey skeleton (D:9)
  18 adders
  5 shadow imps
  An adder skeleton (D:4)
  3 worms
  6 dart slugs
  4 leopard geckos
  96 orcs
  7 giant cockroaches
  7 goblins
  13 hobgoblins
  22 jackals
  29 kobolds
  5 quokkas
  4 ball pythons
  9 bats
  3 frilled lizards
  A jackal skeleton (D:7)
  10 rats
  A bush (D:1)
  A plant (D:10)
  A withered plant (D:13)
1266 creatures vanquished.

Vanquished Creatures (others)
  A ragged hierophant (Desolation)
  A naga sharpshooter (Snake:3)
  A swamp worm (Swamp:4)
  8 fungi
  47 plants
  5 toadstools (D:2)
63 creatures vanquished.

Grand Total: 1329 creatures vanquished

Notes
Turn   | Place    | Note
-------+----------+-------------------------------------------
     0 | D:1      | erker the Minotaur Monk began the quest for the Orb.
     0 | D:1      | Reached XP level 1. HP: 19/19 MP: 0/0
    28 | D:1      | Found a sparkling altar of Nemelex Xobeh.
    39 | D:1      | HP: 1/20 [goblin/+0 dagger (3)]
    41 | D:1      | Reached XP level 2. HP: 2/27 MP: 1/1
   847 | D:1      | Reached XP level 3. HP: 33/33 MP: 2/2
  1522 | D:2      | Reached XP level 4. HP: 24/40 MP: 3/3
  1613 | D:2      | Found an ancient bone altar of Kikubaaqudgha.
  1789 | D:3      | Found an opulent altar of Gozag.
  2030 | D:3      | Found a hide-covered altar of Uskayaw.
  2527 | D:3      | Found a runed translucent gate.
  2528 | D:3      | Found a runed translucent gate.
  2528 | D:3      | Found a runed translucent gate.
  2528 | D:3      | Noticed Hylith's ghost (amateur HOFi)
  2532 | D:3      | Found a roughly hewn altar of Beogh.
  2919 | D:4      | Reached skill level 1 in Armour
  2931 | D:4      | Reached skill level 5 in Long Blades
  2931 | D:4      | Reached XP level 5. HP: 47/47 MP: 4/4
  2996 | D:4      | Noticed an ogre
  3084 | D:4      | Killed an ogre
  3304 | D:4      | Noticed an ogre
  3319 | D:4      | Killed an ogre
  3319 | D:4      | Reached skill level 5 in Dodging
  3319 | D:4      | Reached XP level 6. HP: 55/55 MP: 5/5
  3334 | D:4      | Reached skill level 5 in Fighting
  3920 | D:5      | Entered Level 5 of the Dungeon
  3931 | D:5      | Got a shimmering short sword
  3932 | D:5      | Identified the cursed +3 short sword of the Fifty Curses
                  | {venom, Dex+4} (You found it on level 5 of the Dungeon)
  3978 | D:5      | Reached XP level 7. HP: 21/61 MP: 6/6
  3980 | D:5      | HP: 1/61 [acid (10)]
  4272 | D:5      | Found a shimmering altar of Xom.
  4344 | D:5      | Found a shadowy altar of Dithmenos.
  4355 | D:5      | Became a worshipper of Dithmenos the Shadowed
  4355 | D:5      | Reached * piety under Dithmenos
  4355 | D:5      | Reached ** piety under Dithmenos
  4373 | D:5      | Reached XP level 8. HP: 70/70 MP: 7/7
  4645 | D:5      | Found Gynnezirr's General Store.
  4649 | D:5      | Bought a cursed amulet of inaccuracy for 26 gold pieces
  4649 | D:5      | Bought a scroll of remove curse for 39 gold pieces
  4913 | D:6      | Found a shattered altar of Ashenzari.
  4916 | D:6      | Reached skill level 5 in Armour
  5101 | D:6      | Found a staircase to the Ecumenical Temple.
  5112 | Temple   | Entered the Ecumenical Temple
  5589 | D:6      | Found Wiklem's Book Boutique.
  5612 | D:6      | Noticed Jessica
  5618 | D:6      | Found a deep blue altar of Sif Muna.
  5626 | D:6      | Killed Jessica
  5837 | D:7      | Reached XP level 9. HP: 79/79 MP: 8/8
  5958 | D:7      | Reached *** piety under Dithmenos
  6624 | D:7      | Found Faohir's Food Emporium.
  6806 | D:8      | Found an ornate altar of the Wu Jian Council.
  6920 | D:8      | Found a burning altar of Makhleb.
  6920 | D:8      | Found a radiant altar of Vehumet.
  6925 | D:8      | Found a faded altar of an unknown god.
  6927 | D:8      | Found a faded altar of an unknown god.
  6929 | D:8      | Found a sacrificial altar of Ru.
  7047 | D:8      | Noticed Maurice
  7057 | D:8      | Paralysed by Maurice for 6 turns
  7061 | D:8      | Killed Maurice
  7061 | D:8      | Reached XP level 10. HP: 88/88 MP: 9/9
  7105 | D:8      | Found a white marble altar of Elyvilon.
  7263 | D:8      | Found an iron altar of Okawaru.
  7421 | D:8      | Reached skill level 10 in Dodging
  7690 | D:9      | Found a bloodstained altar of Trog.
  7713 | D:9      | Noticed a two-headed ogre
  7743 | D:9      | Killed a two-headed ogre
  7816 | D:9      | Found a roughly hewn altar of Beogh.
  7841 | D:9      | Reached **** piety under Dithmenos
  7841 | D:9      | Reached skill level 10 in Long Blades
  7842 | D:9      | Reached skill level 5 in Stealth
  8390 | D:9      | Found a sacrificial altar of Ru.
  8491 | D:9      | Found a staircase to the Orcish Mines.
  8506 | D:9      | Reached XP level 11. HP: 97/97 MP: 10/10
  8641 | D:10     | Entered Level 10 of the Dungeon
  8946 | D:10     | Noticed a two-headed ogre
  8951 | D:10     | Noticed a shock serpent
  8951 | D:10     | a two-headed ogre changed into a shock serpent
  9045 | D:10     | Found a staircase to the Lair.
  9089 | D:11     | Killed an unseen horror
  9126 | D:11     | Reached skill level 1 in Evocations
  9137 | D:11     | Reached ***** piety under Dithmenos
  9341 | D:11     | Killed an unseen horror
 10386 | D:12     | Reached skill level 10 in Fighting
 10439 | D:12     | Found Vonkiu's Book Shop.
 10537 | D:12     | Noticed a two-headed ogre
 10540 | D:12     | Killed a two-headed ogre
 10836 | D:10     | Reached XP level 12. HP: 68/106 MP: 6/13
 10877 | D:10     | Noticed a two-headed ogre
 10881 | D:10     | Killed a two-headed ogre
 10982 | D:10     | Noticed an ogre mage
 11001 | D:10     | Killed an ogre mage
 11042 | D:10     | Noticed a five-headed hydra
 11147 | D:10     | Noticed a two-headed ogre
 11155 | D:10     | Identified the +11 falchion of Fixation {freeze, rElec rF+}
 11155 | D:10     | Identified the ring of the Butterfly {*Tele rPois rC+}
 11155 | D:10     | Noticed a centaur warrior
 11156 | D:10     | Killed a six-headed hydra
 11157 | D:10     | Noticed a four-headed hydra
 12039 | D:10     | Killed a two-headed ogre
 12192 | D:10     | Killed a four-headed hydra
 12198 | D:10     | Killed a centaur warrior
 12384 | Lair:1   | Entered Level 1 of the Lair of Beasts
 13351 | Lair:2   | Noticed a seven-headed hydra
 13356 | Lair:2   | Killed a seven-headed hydra
 13356 | Lair:2   | Reached skill level 5 in Evocations
 13578 | Lair:2   | Found a staircase to the Swamp.
 13614 | Lair:2   | Noticed a death yak
 13616 | Lair:2   | Noticed a death yak
 13616 | Lair:2   | Noticed a death yak
 13643 | Lair:2   | Noticed a death yak
 13674 | Lair:2   | Killed a death yak
 13674 | Lair:2   | Reached XP level 13. HP: 85/116 MP: 15/15
 14365 | Lair:3   | Noticed Sonja
 14382 | Lair:3   | Killed Sonja
 14632 | Lair:3   | Noticed Snorg
 14642 | Lair:3   | Killed Snorg
 15128 | Lair:4   | Found the +12 Vampire's Tooth {vamp}
 15437 | Lair:4   | Found a staircase to the Snake Pit.
 16308 | Lair:5   | Found a staircase to the Slime Pits.
 16308 | Lair:5   | Found a viscous altar of Jiyva.
 16415 | Lair:5   | Reached ****** piety under Dithmenos
 16777 | Lair:5   | Reached XP level 14. HP: 92/126 MP: 16/16
 16988 | Lair:5   | Identified Oruboug's Papyrus of Ignition and Aid
 17575 | Orc:1    | Entered Level 1 of the Orcish Mines
 18142 | Lair:6   | Entered Level 6 of the Lair of Beasts
 18255 | Lair:6   | Reached skill level 10 in Armour
 18739 | Lair:6   | Noticed Rupert
 18744 | Lair:6   | Reached skill level 15 in Dodging
 19368 | Lair:6   | Killed Rupert
 19676 | Lair:6   | Reached skill level 1 in Shields
 20417 | Orc:2    | Entered Level 2 of the Orcish Mines
 20489 | Orc:2    | Paralysed by an orc sorcerer for 5 turns
 20547 | Orc:2    | Found Aryal's Jewellery Boutique.
 20547 | Orc:2    | Found Jeusuot's Antique Weapon Shoppe.
 20597 | Orc:2    | Found a roughly hewn altar of Beogh.
 20669 | Orc:2    | Reached skill level 1 in Invocations
 20723 | Orc:2    | Found Xuseoloz's Gadget Shoppe.
 20723 | Orc:2    | Found Weesal's Weapon Boutique.
 20751 | Orc:2    | Reached skill level 15 in Long Blades
 20884 | Orc:2    | Found a staircase to the Elven Halls.
 21040 | Orc:2    | Reached XP level 15. HP: 136/136 MP: 17/17
 21414 | Snake:1  | Entered Level 1 of the Snake Pit
 21596 | Snake:1  | Noticed Azrael
 21642 | Snake:1  | Killed Azrael
 21889 | Snake:1  | Reached skill level 10 in Stealth
 22183 | Snake:2  | Noticed Agnes
 22196 | Snake:2  | Killed Agnes
 22281 | Snake:2  | Noticed a nagaraja
 22282 | Snake:2  | Noticed Vashnia
 22283 | Snake:2  | Killed a nagaraja
 23249 | Snake:2  | Killed Vashnia
 23699 | Snake:3  | Reached XP level 16. HP: 146/146 MP: 18/18
 23742 | Snake:3  | Reached skill level 1 in Crossbows
 23789 | Snake:3  | Reached skill level 5 in Invocations
 24531 | Swamp:1  | Entered Level 1 of the Swamp
 25559 | Swamp:2  | Reached skill level 15 in Fighting
 26177 | Swamp:3  | Noticed a thorn hunter
 26180 | Swamp:3  | Killed a thorn hunter
 27215 | Swamp:4  | Entered Level 4 of the Swamp
 27215 | Swamp:4  | Noticed a thorn hunter
 27257 | Swamp:3  | Killed a thorn hunter
 27300 | Swamp:4  | Reached XP level 17. HP: 105/156 MP: 19/19
 27608 | Swamp:4  | Got a decaying rune of Zot
 27782 | Swamp:4  | HP: 3/158 [alligator[a spriggan druid] (13)]
 28763 | Snake:4  | Entered Level 4 of the Snake Pit
 28832 | Snake:4  | Found a large runed translucent door.
 28832 | Snake:4  | Found a large runed translucent door.
 28833 | Snake:4  | Noticed Siddir's ghost (journeyman MiBe)
 28885 | Snake:4  | Killed Siddir's ghost
 28971 | Snake:4  | Found a flickering gateway to a bazaar.
 29689 | Snake:4  | HP: 7/160 [naga/+0 halberd (10)]
 29689 | Snake:4  | HP: 2/160 [naga warrior/+0 battleaxe (5)]
 30122 | Bazaar   | Entered a bazaar
 30127 | Bazaar   | Found Cecw's Weapon Shoppe.
 30135 | Bazaar   | Found Ranuumapa's Book Boutique.
 30165 | Bazaar   | Found Qaumoh's Antique Weapon Emporium.
 30173 | Bazaar   | Found Miytec's Book Shop.
 30399 | Snake:4  | Reached XP level 18. HP: 129/168 MP: 20/20
 30405 | Snake:4  | Got a serpentine rune of Zot
 31155 | D:13     | Found a gate to the Vaults.
 31293 | D:13     | Found a sparkling altar of Nemelex Xobeh.
 32060 | D:14     | Found Mueheud's General Store.
 32066 | D:14     | Bought a scroll of blinking for 97 gold pieces
 32727 | D:15     | Entered Level 15 of the Dungeon
 32776 | D:15     | Noticed Louise
 32796 | D:15     | Killed Louise
 32864 | D:15     | Found Qiareud's General Store.
 32947 | D:15     | Got a vibrating ivory ring
 32949 | D:15     | Identified the ring "Xiamuweg" {EV+4 Int+4} (You found it
                  | on level 15 of the Dungeon)
 33004 | D:15     | Found a staircase to the Depths.
 33120 | D:15     | Paralysed by an ogre mage for 6 turns
 33372 | Vaults:1 | Entered Level 1 of the Vaults
 33428 | Vaults:1 | Found a ruined gateway.
 33451 | Desolati | Entered the Desolation of Salt
 34282 | Desolati | Identified the Papyrus of Creative Air
 34291 | Desolati | Got a translucent turquoise ring
 34293 | Desolati | Identified the ring "Mivadi" {Wiz *Corrode rF+ Dex+4
                  | Stlth+} (You found it in the Desolation of Salt)
 34563 | Desolati | Reached XP level 19. HP: 39/179 MP: 21/21
 34940 | Desolati | Identified the Incunabulum of Venom and Attacks
 35058 | Desolati | Demolished by an imperial myrmidon

Skill      XL: |  1  2  3  4  5  6  7  8  9 10 11 12 13 14 15 16 17 18 19 |
---------------+----------------------------------------------------------+-----
Fighting       | 4 5 6 7 8 9 10 11 12 13 14 15 16 17 18 | 18.0
Long Blades    | 4 5 6 7 8 9 10 11 13 14 15 16 17 19 | 19.3
Dodging        | 4 5 6 8 9 11 12 13 14 15 16 17 18 19 | 19.4
Armour         | 1 2 3 4 5 6 7 8 9 11 12 13 | 13.4
Stealth        | 2 3 5 6 7 9 10 11 12 | 12.5
Evocations     | 3 5 |  5.0
Shields        | 2 4 |  4.0
Invocations    | 1 4 5 |  5.0
Crossbows      | 2 |  2.2

Action                   |  1- 3 |  4- 6 |  7- 9 | 10-12 | 13-15 | 16-18 | 19-21 || total
-------------------------+-------+-------+-------+-------+-------+-------+-------++-------
Melee: Falchion          |   153 |   142 |       |    76 |   472 |    84 |       ||   927
       Headbutt          |    45 |    31 |    72 |   232 |   360 |   626 |    27 ||  1393
       Short sword       |       |    34 |   272 |   345 |    36 |       |       ||   687
       Long sword        |       |       |       |   292 |       |       |       ||   292
       Dagger            |       |       |       |    81 |     5 |       |       ||    86
       Quick blade       |       |       |       |       |   995 |  1130 |       ||  2125
       Scimitar          |       |       |       |       |       |   932 |    65 ||   997
Throw: Javelin           |       |       |       |     3 |       |       |       ||     3
       Throwing net      |       |       |       |       |     1 |       |       ||     1
Invok: Shadow Step       |       |       |     2 |     2 |     6 |     4 |       ||    14
Evoke: Wand              |       |     5 |     2 |    29 |     9 |     5 |       ||    50
  Use: Scroll            |       |     5 |       |    21 |    10 |    16 |       ||    52
       Potion            |       |     1 |     3 |     3 |     2 |    13 |       ||    22
 Stab: Sleeping          |     3 |     1 |     8 |    20 |    41 |    48 |     2 ||   123
       Distracted        |       |       |     1 |     3 |     2 |     9 |     1 ||    16
       Paralysed         |       |       |       |     1 |       |       |       ||     1
       Invisible         |       |       |       |     2 |       |       |       ||     2
       Held in net/web   |       |       |       |       |     2 |       |       ||     2
  Eat: Chunk             |     2 |     7 |     8 |    23 |    24 |    62 |     2 ||   128
       Ration            |       |       |     1 |       |     4 |     1 |       ||     6
Armor: Robe              |     4 |       |       |       |       |       |       ||     4
       Ring mail         |    20 |    57 |    14 |       |       |       |       ||    91
       Skin              |       |    14 |    31 |    35 |       |       |       ||    80
       Leather armour    |       |       |    31 |    58 |       |       |       ||    89
       Scale mail        |       |       |       |    69 |   213 |   113 |     7 ||   402
       Troll leather arm |       |       |       |     5 |       |       |       ||     5
       Swamp dragon scal |       |       |       |       |       |   138 |       ||   138
Dodge: Dodged            |    77 |    96 |   173 |   685 |   773 |  1540 |    69 ||  3413
       Deflected         |       |       |       |     9 |    65 |    71 |       ||   145
Block: Buckler           |       |       |       |       |   153 |   392 |     6 ||   551
       Reflection        |       |       |       |       |    22 |     7 |       ||    29
       Rpst.: Falchion   |    23 |    20 |       |    13 |    71 |    27 |       ||   154
       Long sword        |       |       |       |    69 |       |       |       ||    69
       Scimitar          |       |       |       |       |       |   161 |    14 ||   175
